 Dungeon Crawl Stone Soup version 0.19.5 (webtiles) character file.

1461 Alannah the Skirmisher (level 8, 0/74 HPs)
             Began as a Minotaur Berserker on May 2, 2017.
             Was an Elder of Trog.
             Slain by an orc warrior
             ... wielding a +0 hand axe
              (7 damage)
             ... on level 8 of the Dungeon.
             The game lasted 00:20:19 (5340 turns).

Alannah the Skirmisher (Minotaur Berserker)         Turns: 5340, Time: 00:20:20

Health: 0/74       AC:  6    Str: 25    XL:     8   Next: 48%
Magic:  2/2        EV: 13    Int:  4    God:    Trog [****..]
Gold:   165        SH:  0    Dex:  9    Spells: 0 memorised, 7 levels left

rFire  . . .     SeeInvis .     x - +5 battleaxe (antimagic)
rCold  + . .     Gourm    .     s - +0 leather armour
rNeg   . . .     Faith    +     (shield currently unavailable)
rPois  .         Spirit   .     (helmet restricted)
rElec  .         Reflect  .     n - +0 cloak
rCorr  .         Harm     .     (no gloves)
MR     ++...                    j - +0 pair of boots
Stlth  ..........               m - amulet of faith
                                (no ring)
                                p - ring of protection from cold

@: confused, lethally poisoned (0 -> -1), regenerating, drained
A: retaliatory headbutt, horns 2
a: Berserk, Trog's Hand, Brothers in Arms, Burn Spellbooks, Renounce Religion


You were on level 8 of the Dungeon.
You worshipped Trog.
Trog was greatly pleased with you.
You were hungry.

You visited 1 branch of the dungeon, and saw 6 of its levels.
You also visited: Sewer.

You collected 165 gold pieces.

Inventory:

Hand Weapons
 a - a +0 hand axe
 x - a +5 antimagic battleaxe (weapon)
Armour
 b - a +0 animal skin
 j - a +0 pair of boots (worn)
 n - a +0 cloak (worn)
 s - a +0 leather armour (worn)
Jewellery
 m - an amulet of faith (around neck)
 p - a ring of protection from cold (left hand)
Scrolls
 f - a scroll of noise
 k - 3 scrolls of identify
 o - a scroll of magic mapping
 q - a scroll of teleportation {unknown}
 r - 3 scrolls of remove curse
 y - a scroll of fear {unknown}
 z - a scroll of enchant armour {unknown}
Potions
 g - 2 potions of degeneration {unknown}
 i - a potion of cure mutation {unknown}
 u - 2 potions of heal wounds {unknown}
 w - a potion of might {unknown}
 A - a potion of curing {unknown}
Comestibles
 c - 2 bread rations
 h - 2 beef jerkies
 t - a meat ration
 v - 7 chunks of flesh


   Skills:
 * Level 7.9(7.8) Fighting
 + Level 6.7(6.6) Axes
 * Level 7.3(7.2) Armour
 + Level 5.3(5.2) Dodging
 - Level 0.1(0.0) Stealth


You had 7 spell levels left.
You didn't know any spells.

Dungeon Overview and Level Annotations

Branches:
Dungeon (5/15)
 Temple: D:4-7

Altars:
Elyvilon

Shops:
D:8 [


Innate Abilities, Weirdness & Mutations

You reflexively headbutt those who attack you in melee.
You have a pair of horns on your head.


Message History

The orc warrior hits you from afar with a halberd!
* * * LOW HITPOINT WARNING * * *
An orc comes into view.
You are confused.
You feel invigorated.
You feel sick.
You hear some strange, mumbled words.
A puff of flame appears from out of thin air!
The puff of flame misses you. The puff of flame hits your ogre.
Your ogre hits the orc warrior with a giant club!!
The orc warrior dies!
Trog accepts your kill. The black bear barely misses you.
The black bear claws you but does no damage. x2
The centaur hits you with an enchanted shortbow!
* * * LOW HITPOINT WARNING * * *
You feel sick. The orc hits you.
* * * LOW HITPOINT WARNING * * *
The orc warrior hits your ogre with a hand axe!
The orc warrior hits you with a hand axe!
You die...

,,,,,**,,**,,,.###.....,***,,*
,,,,,,,,,,,,,,,.......,,,,,,,**
,,,,**,,,,,,,**......##**,,,,,***
,,,,**,,,,,,,**#......##,,***,,,,
,,,,**,,>.,,,* #..#..!.,,****,,,,
,,*,,*,,,...,###o..oo***,,,,,,,,,
*,,,,,,,<....#..)oo##* *****,,,,,
*****,,,,.....oooc..## **,,,,
***,,,,,,,....#O@h...# *,,,,
**,,**,,,...o....(.#8# *,***
,*,******...###....#,#*******,***
,,,,*,,,,.,,* #.#.8.∩,8,*,,,****8
,,,,,,****,,**#.####..,,,,,,,***,
,**,,,,,,,,,,,..* *,8...,,,,,,*8,
,,,,,****,,,,.##***,,...,,,,,,**,
,,,,,,,,,,,,,,,,,,,,,,..,,,,,,**8
,,**,****,,,,*******,,,,,,,,,***,


You could see an orc warrior, a black bear, a centaur, 3 orc wizards, 5 orcs and
a friendly ogre (berserk).

Vanquished Creatures
  Pikel (D:4)
  A phantom (D:4)
  An ogre (D:4)
  A centaur (D:5)
  2 bullfrogs (Sewer)
  Blork the orc (D:4)
  A crimson imp (D:3)
  An orc wizard (D:3)
  Crazy Yiuf (D:4)
  A bullfrog skeleton (D:4)
  An iguana (D:4)
  A worker ant (D:5)
  A hound zombie (D:3)
  2 hound skeletons
  A worker ant zombie (D:5)
  Robin (D:4)
  7 adders
  8 oozes (Sewer)
  An adder zombie (D:3)
  A worm (D:2)
  3 dart slugs (D:1)
  10 leopard geckos
  12 orcs
  16 giant cockroaches
  22 goblins
  10 hobgoblins
  7 jackals (D:1)
  12 kobolds
  2 quokkas
  15 ball pythons
  A ball python zombie (D:3)
  10 bats
  15 frilled lizards
  A leopard gecko skeleton (D:3)
  12 rats
183 creatures vanquished.

Vanquished Creatures (collateral kills)
  An orc warrior (D:8)
  A worker ant (D:8)
2 creatures vanquished.

Vanquished Creatures (others)
  An adder (D:4)
  An orc (D:8)
  A giant cockroach (D:4)
3 creatures vanquished.

Grand Total: 188 creatures vanquished

Notes
Turn   | Place    | Note
-------+----------+-------------------------------------------
     0 | D:1      | Alannah the Minotaur Berserker began the quest for the Orb.
     0 | D:1      | Reached XP level 1. HP: 19/19 MP: 0/0
    38 | D:1      | Reached XP level 2. HP: 14/27 MP: 1/1
   776 | D:1      | Reached ** piety under Trog
   931 | D:1      | Reached XP level 3. HP: 33/33 MP: 2/2
  1578 | D:2      | Found a white marble altar of Elyvilon.
  1723 | D:2      | Reached XP level 4. HP: 30/40 MP: 3/3
  2200 | D:3      | Reached *** piety under Trog
  2251 | D:3      | Found a glowing drain.
  2300 | D:3      | Reached skill level 5 in Axes
  2389 | Sewer    | Entered a sewer
  2506 | Sewer    | Reached XP level 5. HP: 39/47 MP: 4/4
  2562 | Sewer    | Reached **** piety under Trog
  2764 | Sewer    | Reached skill level 5 in Fighting
  3165 | Sewer    | Reached XP level 6. HP: 13/56 MP: 5/5
  3364 | D:3      | Reached ***** piety under Trog
  4063 | D:4      | Reached skill level 5 in Armour
  4063 | D:4      | Reached XP level 7. HP: 22/63 MP: 6/6
  4241 | D:4      | Noticed Robin
  4250 | D:4      | Received a gift from Trog
  4257 | D:4      | Killed Robin
  4315 | D:4      | Noticed Blork the orc
  4320 | D:4      | Killed Blork the orc
  4427 | D:4      | Found a runed door.
  4600 | D:4      | Got a bloodstained long sword
  4601 | D:4      | Identified the cursed +1 long sword of the Mind {venom, *Noise Str+8} (You found it on level 4 of the Dungeon)
  4681 | D:4      | Noticed Pikel
  4700 | D:4      | Killed Pikel
  4700 | D:4      | Reached skill level 5 in Dodging
  4700 | D:4      | Reached XP level 8. HP: 45/73 MP: 2/7
  5137 | D:4      | Noticed Crazy Yiuf
  5139 | D:4      | Killed Crazy Yiuf
  5172 | D:5      | Entered Level 5 of the Dungeon
  5332 | D:5      | You fall through a shaft for 3 floors!
  5340 | D:8      | Found Besurash's Armour Shoppe.
  5340 | D:8      | Slain by an orc warrior

Skill      XL: |  1  2  3  4  5  6  7  8 |
---------------+-------------------------+-----
Axes           | 4 5 6 |  6.7
Fighting       | 4 5 6 7 |  7.9
Dodging        | 3 4 5 |  5.3
Armour         | 3 5 6 7 |  7.3
Stealth        | |  0.1

Action                   |  1- 3 |  4- 6 |  7- 9 || total
-------------------------+-------+-------+-------++-------
Melee: Hand axe          |   117 |   208 |    17 ||   342
       Headbutt          |    18 |    30 |    12 ||    60
       Battleaxe         |       |       |    36 ||    36
Invok: Burn Spellbooks   |       |     1 |     1 ||     2
       Berserk           |       |     2 |     2 ||     4
       Trog's Hand       |       |     2 |     2 ||     4
       Brothers in Arms  |       |       |     1 ||     1
  Use: Scroll            |       |       |     6 ||     6
       Potion            |       |       |     1 ||     1
  Eat: Chunk             |     3 |     9 |     7 ||    19
Armor: Animal skin       |    16 |    37 |       ||    53
       Leather armour    |       |    11 |    34 ||    45
Dodge: Dodged            |    74 |   149 |    38 ||   261
